Map: [ESL] Oceanborn

Players

Dark - Winner!

  • Race: Zerg Zerg
  • Spawn Location: 5:00

Solar

  • Race: Zerg Zerg
  • Spawn Location: 11:00

Event: ESL SC2 Masters 2023 Winter (Finals)

VOD

Have the link to the VOD?

Description

Time

  • Played on: Dec. 15, 2023, 6:15 p.m.
  • Length: 10:44

All games in this series

Show
View Real Time Build Order
Export as new Build Order

Dark Zerg - Winner!

Build Orders: Hatch First 

Get SALT Encoding   

  12  0:00  Drone  
  13  0:11  Overlord  
  13  0:16  Drone  
  14  0:30  Drone x2  
  16  0:48  Hatchery  
  15  0:51  Drone  
  15  0:53  Drone  
  18  0:57  Drone  
  18  1:07  Extractor  
  17  1:12  Spawning Pool  
  17  1:15  Drone  
  17  1:18  Drone  
  18  1:27  Drone  
  19  1:38  Drone  
  20  1:50  Drone  
  21  2:00  Queen x2  
  21  2:01  Zergling x2  
  26  2:02  Overlord  
  26  2:10  Drone  
  26  2:12  Drone  
  28  2:21  Drone x2  
  30  2:32  Hatchery  
  30  2:34  Drone x2  
  31  2:39  Queen  
  33  2:45  Overlord  
  33  2:50  Drone  
  34  2:54  Drone x2  
  36  3:07  Drone x2  
  36  3:08  Drone x5  
  43  3:15  Evolution Chamber  
  43  3:16  Overlord  
  42  3:21  Lair  
  42  3:22  Drone  
  43  3:28  Roach Warren  
  43  3:29  Drone  
  43  3:30  Drone  
  44  3:34  Extractor  
  44  3:35  Drone  
  44  3:39  Drone x3  
  44  3:40  Extractor  
  46  3:43  Zerg Missile Weapons Level 1  
  46  3:46  Drone  
  47  3:56  Evolution Chamber  
  47  4:00  Drone x3  
  48  4:08  Extractor  
  47  4:10  Overlord  
  47  4:14  Drone  
  47  4:15  Drone x3  
  51  4:18  Drone  
  51  4:19  Spire  
  51  4:22  Overlord  
  51  4:23  Overlord x2  
  51  4:29  Roach x3  
  57  4:34  Overlord  
  57  4:36  Overlord  
  57  4:38  Glial Reconstitution  
  57  4:41  Overseer  
  57  4:43  Roach  
  59  4:46  Roach  
  59  4:48  Roach  
  59  4:51  Roach  
  65  4:53  Roach  
  65  4:56  Roach  
  69  5:00  Roach x2  
  69  5:06  Overlord  
  73  5:10  Overlord  
  73  5:17  Spine Crawler  
  73  5:18  Spine Crawler  
  71  5:30  Mutalisk x3  
  78  5:38  Mutalisk  
  81  5:44  Hatchery  
  81  5:46  Mutalisk  
  81  5:47  Drone x6  
  89  5:54  Hatchery  
  89  5:56  Mutalisk  
  88  6:05  Queen x2  
  88  6:08  Drone x2  
  88  6:10  Zerg Missile Weapons Level 2  
  92  6:18  Mutalisk  
  92  6:20  Drone x6  
  100  6:33  Roach x3  
  100  6:39  Drone x2  
  108  6:40  Extractor  
  108  6:42  Extractor  
  108  6:45  Roach, Overlord  
  108  6:46  Overlord  
  108  6:54  Overlord  
  108  6:58  Overlord  
  108  7:03  Overseer  
  108  7:05  Roach x4  
  108  7:06  Overseer  
  120  7:08  Roach x2  
  120  7:09  Ravager x4  
  124  7:19  Roach x5  
  124  7:21  Roach  
  136  7:28  Roach  
  138  7:32  Roach x2  
  138  7:33  Roach x2  
  146  7:38  Overlord  
  146  7:39  Overlord x2  
  146  7:42  Overlord  
  146  7:44  Overlord  
  146  7:47  Overlord  
  146  7:49  Overlord  
  146  7:51  Overlord  
  146  8:01  Roach x6  
  146  8:02  Roach x2  
  146  8:05  Overlord  
  162  8:09  Roach, Ravager x2  
  166  8:16  Roach x3  
  172  8:23  Roach  
  172  8:24  Roach  
  172  8:26  Zerg Ground Armor Level 1, Roach  
  172  8:29  Roach  
  172  8:30  Roach x4  
  172  8:33  Roach  
  170  8:37  Roach x2  
  170  8:40  Roach  
  162  8:46  Roach  
  134  8:49  Roach x2  
  129  8:59  Roach x3, Ravager x2  
  137  9:03  Roach x2  
  137  9:04  Roach  
  137  9:06  Roach  
  137  9:09  Roach  
  147  9:12  Roach  
  149  9:17  Roach  
  151  9:26  Roach x2  
  151  9:28  Hatchery  
  151  9:29  Roach  
  156  9:32  Roach  
  158  9:39  Roach x2  
  158  9:40  Roach  
  158  9:41  Roach x2  
  158  9:43  Roach  
  158  9:44  Roach  
  172  9:46  Ravager x6  
  172  9:52  Roach x3  
  184  9:53  Roach  
  184  9:58  Overlord  
  184  9:59  Overlord  
  182  10:16  Roach x4  
  182  10:20  Roach x6  
  194  10:25  Roach  
Show
View Real Time Build Order
Export as new Build Order

Solar Zerg 

Build Orders: Hatch First, Roach Hydra 

Get SALT Encoding   

  12  0:00  Drone  
  13  0:08  Drone  
  13  0:13  Extractor  
  14  0:14  Drone  
  15  0:36  Hatchery  
  15  0:42  Extractor, Drone  
  15  0:48  Overlord  
  15  1:02  Spawning Pool  
  14  1:06  Drone  
  14  1:09  Drone  
  16  1:12  Drone  
  16  1:17  Drone  
  18  1:27  Extractor  
  18  1:28  Drone  
  18  1:39  Drone  
  19  1:49  Drone, Queen x2  
  19  1:51  Drone  
  25  1:59  Drone  
  25  2:01  Overlord  
  26  2:10  Drone x2  
  28  2:24  Queen x2  
  28  2:28  Metabolic Boost  
  32  2:34  Overlord  
  32  2:36  Drone  
  33  2:38  Drone  
  33  2:41  Drone  
  33  2:43  Drone  
  36  2:53  Drone x2  
  36  2:55  Drone  
  36  2:57  Drone x2  
  41  2:59  Overlord  
  41  3:01  Zergling x2  
  41  3:03  Zergling x2  
  41  3:04  Zergling x2  
  44  3:10  Overlord  
  44  3:11  Evolution Chamber  
  43  3:19  Roach Warren  
  42  3:20  Zergling x4  
  42  3:22  Zergling x2  
  45  3:33  Zergling x12  
  45  3:34  Zergling x2  
  52  3:36  Zergling x2  
  53  3:43  Drone  
  53  3:44  Drone  
  55  3:53  Drone  
  55  3:55  Hatchery  
  55  3:56  Drone  
  56  4:03  Overlord  
  56  4:05  Drone x4  
  56  4:09  Overlord  
  60  4:14  Extractor  
  60  4:15  Drone  
  60  4:17  Extractor  
  60  4:18  Lair  
  60  4:20  Drone  
  60  4:22  Drone  
  62  4:24  Drone  
  62  4:27  Overlord  
  62  4:30  Drone  
  63  4:38  Drone x4  
  67  4:39  Drone  
  67  4:40  Zerg Missile Weapons Level 1  
  67  4:45  Drone x2  
  70  4:46  Drone  
  70  4:50  Drone  
  72  4:55  Extractor  
  72  4:57  Roach  
  73  5:01  Roach  
  73  5:04  Overlord  
  75  5:07  Drone x3  
  75  5:08  Drone  
  75  5:11  Roach x3  
  75  5:13  Overlord  
  85  5:17  Overseer  
  85  5:18  Glial Reconstitution  
  85  5:19  Drone  
  86  5:21  Drone  
  86  5:26  Hydralisk Den  
  86  5:27  Roach  
  86  5:28  Roach  
  90  5:31  Overlord  
  90  5:35  Roach  
  92  5:37  Roach  
  92  5:39  Roach x2  
  98  5:43  Roach x2  
  98  5:45  Drone x2  
  98  5:46  Drone  
  98  5:48  Overlord  
  103  5:51  Drone  
  103  5:52  Drone  
  103  5:56  Extractor, Grooved Spines  
  102  5:58  Drone  
  102  6:02  Hydralisk x2  
  104  6:04  Drone  
  104  6:07  Hydralisk x2, Spore Crawler  
  104  6:10  Spore Crawler  
  100  6:13  Spore Crawler  
  100  6:15  Drone, Hydralisk  
  102  6:18  Overlord  
  102  6:20  Drone x2  
  102  6:23  Hydralisk  
  106  6:26  Hydralisk  
  106  6:27  Overlord  
  106  6:30  Overlord  
  108  6:36  Overlord  
  108  6:37  Hydralisk  
  110  6:40  Hydralisk  
  110  6:43  Hydralisk  
  110  6:46  Muscular Augments, Overlord  
  114  6:47  Hydralisk  
  114  6:52  Roach x3  
  122  6:55  Overlord  
  122  6:57  Overlord  
  122  6:59  Hydralisk  
  124  7:01  Hydralisk  
  124  7:04  Hydralisk  
  124  7:07  Hydralisk  
  130  7:10  Overlord  
  130  7:11  Hydralisk  
  132  7:16  Hydralisk x2  
  132  7:18  Roach  
  138  7:24  Overlord  
  138  7:26  Roach x3  
  144  7:33  Roach x4  
  144  7:36  Overlord  
  152  7:39  Overlord  
  152  7:40  Roach  
  152  7:41  Overlord  
  152  7:43  Overlord  
  154  7:46  Roach  
  150  7:52  Roach x3  
  150  7:55  Roach x2  
  160  8:00  Roach x2  
  160  8:01  Ravager x2  
  160  8:05  Roach x2  
  168  8:07  Roach x2  
  168  8:09  Roach  
  168  8:12  Roach  
  176  8:14  Roach x2  
  176  8:19  Roach x2  
  180  8:21  Roach  
  180  8:22  Roach  
  180  8:25  Roach x2  
  182  8:29  Roach x2  
  182  8:32  Roach x2  
  182  8:34  Roach  
  180  8:37  Roach  
  162  8:42  Roach  
  162  8:43  Roach x3  
  162  8:46  Roach x2  
  162  8:48  Roach  
  143  8:51  Roach  
  143  8:55  Hydralisk  
  120  8:57  Roach x2  
  120  8:58  Extractor  
  120  9:01  Drone  
  120  9:02  Drone x2  
  122  9:04  Hydralisk  
  122  9:07  Hydralisk  
  122  9:08  Hydralisk  
  126  9:11  Hydralisk  
  126  9:14  Roach  
  130  9:17  Hydralisk  
  130  9:21  Hydralisk  
  134  9:26  Hydralisk  
  134  9:30  Hydralisk x2  
  139  9:33  Hydralisk  
  141  9:44  Hatchery  
  140  9:46  Hydralisk  
  140  9:51  Hydralisk x2  
  146  9:55  Overlord  
  146  9:58  Hydralisk x2  
  150  10:02  Roach x2  
  158  10:07  Roach x2  
  158  10:08  Hatchery  
  158  10:09  Roach  
  157  10:14  Hydralisk x2  
  157  10:18  Roach  
  157  10:21  Roach x2  
  151  10:23  Roach  
Tags
 
Add a new tag
Caveats
  • Supply blocks, unpowered buildings, or Contaminate may cause inaccurate times.
  • Supply counts are checked every 10 seconds.